 Dungeon Crawl Stone Soup version 0.31-a0-187-gba352fbbf7 (webtiles) character file.

Game seed: 13381373226932572470

106 funkygono the Firebug (level 4, 0/24 HPs)
             Began as a Gargoyle Fire Elementalist on June 22, 2023.
             Slain by a goblin
             ... wielding a +0 club
             ... led by Robin
              (2 damage)
             ... on level 2 of the Dungeon.
             The game lasted 00:03:03 (2765 turns).

funkygono the Firebug (Gargoyle Fire Elementalist)  Turns: 2765, Time: 00:03:04

Health: 0/24       AC:  6    Str: 11    XL:     4   Next: 84%
Magic:  4/8        EV: 12    Int: 18    God:
Gold:   179        SH:  0    Dex: 10    Spells: 2/8 levels left

rFire   . . .        e - +0 club
rCold   . . .        (no shield)
rNeg    + . .        a - +0 robe
rPois   ∞            (no helmet)
rElec   +            (no cloak)
rCorr   .            d - +0 pair of gloves
SInv    .            (no boots)
Will    .....        (no amulet)
Stlth   ++           (no ring)
HPRegen 0.24/turn    (no ring)
MPRegen 0.11/turn

%: no passive effects
@: no status effects
A: sickness immunity, AC +3, negative energy resistance 1, electricity
resistance, torment resistance 1, petrification resistance
a: no special abilities


You were on level 2 of the Dungeon.
You visited 1 branch of the dungeon, and saw 3 of its levels.

You collected 179 gold pieces.

Inventory:

Hand Weapons
 e - a +0 club (weapon)
Armour
 a - a +0 robe (worn)
 d - a +0 pair of gloves (worn)
Scrolls
 k - a scroll of identify {unknown}
Potions
 b - a potion of magic
 c - 2 potions of lignification {unknown}
 f - a potion of heal wounds {unknown}
 g - 2 potions of might {unknown}
 h - 3 potions of curing {unknown}
 i - a potion of cancellation {unknown}
 j - a potion of mutation {unknown}


   Skills:
 + Level 1.7 Dodging
 + Level 2.8 Stealth
 + Level 2.9 Spellcasting
 + Level 1.4 Conjurations
 + Level 4.3 Fire Magic


You had 2 spell levels left.
You knew the following spells:

 Your Spells              Type           Power      Damage    Failure   Level
a - Foxfire               Conj/Fire      52%        2x1d6     4%          1
b - Scorch                Fire           36%        2d7       4%          2
c - Volatile Blastmotes   Fire/Tloc      20%        2d11      21%         3

Your spell library contained the following spells:

 Spells                   Type           Power      Damage    Failure   Level
 Inner Flame              Hex/Fire       10%        N/A       21%         3
 Flame Wave               Conj/Fire      13%        2d6       45%         4


Dungeon Overview and Level Annotations

Branches:
Dungeon (3/15)

Altars:

Annotations:
D:3 Robin


Innate Abilities, Weirdness & Mutations

You are immune to sickness and miasma.
Your stone body is resilient. (AC +3)
You are immune to poison.
You resist negative energy. (rN+)
You are resistant to electric shocks. (rElec)
You are resistant to unholy torment.
You are immune to petrification.


Message History

You conjure some foxfire!
Robin's bangles clink loudly.
The goblin hits you but does no damage.
The foxfire hits the goblin.
You kill the goblin!
The hobgoblin misses you. The goblin hits you but does no damage.
The goblin hits you with a +0 club. The goblin attacks as you move away!
The goblin hits you but does no damage.
The foxfire hits the goblin.
The goblin is severely wounded.
The adder barely misses you. The goblin barely misses you.
The hobgoblin misses you. The hobgoblin hits you.
Things that are here:
a +0 dagger; a goblin corpse The goblin attacks as you move away!
The goblin hits you but does no damage. The hobgoblin attacks as you move away!
The hobgoblin closely misses you. The adder barely misses you.
Robin throws the goblin at you!
The goblin hits you but does no damage. x2
The adder bites you. The goblin hits you but does no damage.
The adder attacks as you move away! The adder bites you but does no damage.
Robin throws the goblin at you! The goblin hits you with a +0 club.
The adder barely misses you. The goblin hits you but does no damage.
There is an escape hatch in the ceiling here.
The adder barely misses you.
Robin roars a battlecry!
The goblins go into a battle-frenzy!
The goblin hits you with a +0 dagger.
* * * LOW HITPOINT WARNING * * *
The hobgoblin hits you but does no damage.
The goblin closely misses you. A mysterious force pulls you upwards.
The hatch slams shut behind you.
You can't go up here!
Casting: Foxfire (safe; 4% risk of failure)
Confirm with . or Enter, or press ? or * to list all spells.
You conjure some foxfire!
The adder bites you.
* * * LOW HITPOINT WARNING * * *
The hobgoblin hits you.
* * * LOW HITPOINT WARNING * * *
The goblin hits you with a +0 club.
You die...

##.≈≈~# #.### #########.#...#
##.~.≈.###...#### #....#####
#...≈~.~####....## #.##.#####
#~..~~..# ####..#######.##.#..♣#
#~..~~..########.........####.8.#
#...≈~.............#####...#....#
#...~~~.............# #[###....'
#.~.~~~~.......gvg..####.###.PP.#
#...~~........)g@S.........##.8.#
#~.~≈~..########+#.##.#.###.#♣..#
#...~...# #.#.##....##.#####
#...≈...# #.#.#####....#####
##.~≈≈.### #.#.######........
##.≈≈...#######.#......[##..####
##≈≈##..............##.##..# #
#≈≈#####............#.....####
≈≈≈## #............#..#....##


You could see an adder, a hobgoblin (strong) and 2 goblins.

Vanquished Creatures
  Terence (D:3)
  An adder (D:2)
  A worm (D:2)
  2 ball pythons
  9 bats
  8 endoplasms
  4 giant cockroaches
  8 goblins
  4 hobgoblins
  5 jackals
  4 quokkas
  5 frilled lizards
  4 kobolds
  5 rats
61 creatures vanquished.

Vanquished Creatures (others)
  118 foxfires
118 creatures vanquished.

Grand Total: 179 creatures vanquished

Notes
Turn   | Place    | Note
-------+----------+-------------------------------------------
     0 | D:1      | funkygono the Gargoyle Fire Elementalist began the quest
                  | for the Orb.
     0 | D:1      | Reached XP level 1. HP: 10/10 MP: 3/3
   194 | D:1      | Reached XP level 2. HP: 15/15 MP: 0/5
   307 | D:1      | Learned a level 2 spell: Scorch
  1256 | D:2      | Reached XP level 3. HP: 19/19 MP: 3/6
  1830 | D:2      | Found a faded altar of an unknown god.
  2258 | D:2      | Reached XP level 4. HP: 24/24 MP: 5/8
  2317 | D:3      | Learned a level 3 spell: Volatile Blastmotes
  2684 | D:3      | Noticed Terence
  2690 | D:3      | Killed Terence
  2691 | D:3      | Reached skill level 4 in Fire Magic
  2754 | D:3      | Noticed Robin
  2765 | D:2      | Slain by a goblin

Illustrated notes

Levels and vault maps discovered:
D:1:      amcnicky_arrival_wind_blow, layout_basic, minmay_misc_feat_tiny,
          skrybe_limestone_x
D:2:      layout_basic, chequers_ecumenical_altar_lobes,
          chequers_serial_rivers_small_3, chequers_decorated_corner
D:3:      layout_basic, uniq_robin, uniq_sigmund, uniq_terence

Skill      XL: |  1  2  3  4 |
---------------+-------------+-----
Fire Magic     | 4 |  4.3
Dodging        | |  1.7
Stealth        | |  2.8
Spellcasting   | |  2.9
Conjurations   | |  1.4

Action                     |  1- 3 |  4- 6 || total
---------------------------+-------+-------++-------
  Melee: Unarmed           |     1 |       ||     1
         Club              |     7 |     7 ||    14
   Cast: Foxfire           |    50 |    23 ||    73
         Scorch            |    13 |     5 ||    18
    Use: Scroll            |       |     1 ||     1
 Armour: Robe              |     5 |    20 ||    25
  Dodge: Dodged            |     5 |    17 ||    22

Table legend: (Time is in decaauts)
 A = Elapsed time spent in this place.
 B = Non-inter-level travel time spent in this place.
 C = Inter-level travel time spent in this place.
 D = Time resting spent in this place.
 E = Time spent auto-exploring this place.
 F = Levels seen in this place.
 G = Mean time per level.
                   A        B        C        D        E       F      G
               +--------+--------+--------+--------+--------+-----+--------+
         Total |   2769 |   2727 |     42 |      0 |   2425 |   3 |  923.0 |
       Dungeon |   2769 |   2727 |     42 |      0 |   2425 |   3 |  923.0 |
               +--------+--------+--------+--------+--------+-----+--------+

Top non-repeatable levels by time:
     D:1: 1250 daAuts
     D:2: 1064 daAuts
     D:3: 453 daAuts
